 Dungeon Crawl Stone Soup version 0.23.1 (webtiles) character file.

Game seed: 16676868931854448085

422 Yunesin the Chopper (level 6, -2/56 HPs)
             Began as a Hill Orc Fighter on Mar 15, 2019.
             Slain by an ogre
             ... wielding a +0 giant club
              (20 damage)
             ... on level 4 of the Dungeon.
             The game lasted 00:11:06 (3568 turns).

Yunesin the Chopper (Hill Orc Fighter)              Turns: 3568, Time: 00:11:07

Health: -2/56      AC:  8    Str: 19    XL:     6   Next: 95%
Magic:  6/6        EV:  7    Int: 10    God:
Gold:   240        SH: 10    Dex: 10    Spells: 5/5 levels left

rFire    . . .     SeeInvis +   a - +0 war axe
rCold    . . .     Gourm    .   c - +1 shield
rNeg     . . .     Faith    .   b - +0 scale mail
rPois    .         Spirit   .   (no helmet)
rElec    .         Reflect  .   (no cloak)
rCorr    .         Harm     .   (no gloves)
MR       .....                  v - +0 pair of boots
Stlth    ..........             (no amulet)
HPRegen  0.18/turn              j - ring of see invisible
MPRegen  0.10/turn              (no ring)

@: no status effects
A: no striking features
a: no special abilities


You were on level 4 of the Dungeon.
You were not hungry.

You visited 1 branch of the dungeon, and saw 4 of its levels.

You collected 240 gold pieces.

Inventory:

Hand Weapons
 a - a +0 war axe (weapon)
 g - a +0 hand crossbow
Armour
 b - a +0 scale mail (worn)
 c - a +1 shield (worn)
 v - a +0 pair of boots (worn)
Jewellery
 j - a ring of see invisible (left hand)
 p - an uncursed ring of positive energy
Wands
 s - a wand of digging (5)
Scrolls
 e - 4 scrolls of identify
 h - 2 scrolls of enchant armour
 m - 2 scrolls of random uselessness {unknown}
 n - 2 scrolls of teleportation {unknown}
 q - 2 scrolls of remove curse {unknown}
 w - a scroll of amnesia {unknown}
Potions
 d - 2 potions of might
 k - a potion of lignification {unknown}
 l - 2 potions of brilliance {unknown}
 o - a potion of flight {unknown}
 r - a potion of degeneration {unknown}
 t - a potion of agility {unknown}
 u - a potion of curing
Comestibles
 f - 5 rations


   Skills:
 + Level 5.1 Fighting
 * Level 6.4 Axes
 + Level 4.6 Armour
 + Level 4.6 Shields


You had 5 spell levels left.
You didn't know any spells.
Your spell library was empty.

Dungeon Overview and Level Annotations

Branches:
Dungeon (4/15)
 Temple: D:4-7

Altars:


Message History

You climb upwards.
There is a stone staircase leading down here.
You start resting.
Eating a chunk of flesh.
You eat the chunk of flesh.
This raw flesh tastes terrible.
HP restored.
You climb downwards.
The ogre hits you with a +0 giant club!!
There is a stone staircase leading up, spattered with blood here.
You slash the ogre!
The ogre is heavily wounded.
You block the ogre's attack.
You hit the ogre.
The ogre is severely wounded.
The ogre hits you with a +0 giant club!!
* * * LOW HITPOINT WARNING * * *
You see here a +0 flail.
You see here a +0 whip.
There is an open door here.
The ogre hits you with a +0 giant club!!
You die...

#..........# #........#.
#..........# #........#.
#..........# ###.....##.
#..........# #####.###
#########.## #.#
#.##########.###
########..........#....
#......O#########.#####
##.....@.# ###'####.
#........# #........
#...###### #........
#...############........
#.........)[.).)...####'
###.#######..[)##### #.
#.# #.<.....###### #.#
#....##.##.... #.#
#....##.......


You could see an ogre.

Vanquished Creatures
  A howler monkey (D:4)
  A gnoll shaman (D:4)
  3 orc wizards
  A worker ant (D:4)
  5 adders
  8 gnolls (D:4)
  An adder skeleton (D:4)
  2 worms
  3 dart slugs
  2 leopard geckos
  14 orcs
  4 giant cockroaches
  7 goblins
  8 hobgoblins
  15 jackals
  A quokka (D:3)
  2 ball pythons
  11 bats
  3 frilled lizards
  9 kobolds
  A leopard gecko skeleton (D:4)
  A quokka skeleton (D:4)
  4 rats
107 creatures vanquished.

Vanquished Creatures (others)
  An orc (D:3)
  A kobold (D:3)
2 creatures vanquished.

Grand Total: 109 creatures vanquished

Notes
Turn   | Place    | Note
-------+----------+-------------------------------------------
     0 | D:1      | Yunesin the Hill Orc Fighter began the quest for the Orb.
     0 | D:1      | Reached XP level 1. HP: 19/19 MP: 1/1
   125 | D:1      | Reached skill level 3 in Axes
   222 | D:1      | Reached XP level 2. HP: 20/27 MP: 2/2
   764 | D:2      | Reached XP level 3. HP: 26/33 MP: 3/3
   998 | D:2      | Reached skill level 4 in Axes
  1069 | D:2      | Reached XP level 4. HP: 23/40 MP: 4/4
  1815 | D:3      | Reached XP level 5. HP: 38/47 MP: 5/5
  1898 | D:3      | Reached skill level 5 in Axes
  2355 | D:4      | Reached XP level 6. HP: 38/55 MP: 6/6
  2880 | D:4      | Reached skill level 5 in Fighting
  2880 | D:4      | Reached skill level 6 in Axes
  3568 | D:4      | Slain by an ogre

Skill      XL: |  1  2  3  4  5  6 |
---------------+-------------------+-----
Axes           | 3 4 5 6 |  6.4
Fighting       | 4 5 |  5.1
Armour         | 4 |  4.6
Shields        | 4 |  4.6

Action                   |  1- 3 |  4- 6 || total
-------------------------+-------+-------++-------
Melee: War axe           |   108 |   259 ||   367
  Use: Scroll            |     3 |       ||     3
       Potion            |       |     1 ||     1
 Stab: Confused          |       |     1 ||     1
  Eat: Chunk             |     1 |     8 ||     9
Armor: Scale mail        |    51 |   104 ||   155
Dodge: Dodged            |    33 |    89 ||   122
Block: Shield            |    59 |   156 ||   215
